[Event "Schachfestival IM 2018"]
[Site "Lueneburg"]
[Date "2018.07.11"]
[Round "7"]
[White "Fuchs, Judith"]
[Black "Light, Bjarne"]
[Result "1-0"]
[ECO "B30"]
[WhiteElo "2289"]
[BlackElo "2177"]
[Annotator "ChessBase"]
[PlyCount "103"]
[EventDate "2018.07.05"]
[EventType "tourn"]
[EventCountry "GER"]
[SourceTitle "playchess.com"]
[Source "ChessBase"]
[SourceQuality "1"]
[TimeControl "40/5400+30:1800+30"]

1. e4 c5 2. Nf3 Nc6 3. Nc3 e5 4. Bc4 h6 5. O-O g6 6. b4 d6 7. bxc5 dxc5 8. Nd5 Bg7 9. d4 cxd4 10. Ba3 Nge7 11. c3 O-O 12. cxd4 Bg4 13. Nxe7+ Nxe7 14. d5 Re8 15. h3 Bd7 16. Rb1 Nc8 17. Qd2 Nb6 18. Bb3 Bb5 19. Rfc1 Qd7 20. Bc5 Na4 21. Be3 Kh7 22. d6 Rec8 23. Rxc8 Rxc8 24. Bxa7 Nc3 25. Re1 Ba6 26. Bb6 Nb5 27. Bxf7 Nxd6 28. Bd5 Qb5 29. Qa5 Nc4 30. Qxb5 Bxb5 31. Ba7 Nd6 32. Rd1 Be2 33. Rd2 Rc1+ 34. Kh2 Bc4 35. Be3 Ra1 36. Bxc4 Nxc4 37. Rc2 Nxe3 38. fxe3 g5 39. Rb2 Kg8 40. Kg3 Bf8 41. Kg4 Bc5 42. Re2 Kg7 43. Nxe5 Bd6 44. Kf5 Rb1 45. Nf3 Bc5 46. e5 Rb4 47. Nh2 Kf7 48. Ng4 Rb6 49. Rc2 Be7 50. Rc7 h5 51. Nf6 g4 52. Rxe7+ 1-0

[Event "Schachfestival IM 2018"]
[Site "Lueneburg"]
[Date "2018.07.11"]
[Round "7"]
[White "Wenzel, Birger"]
[Black "Pubantz, Jan"]
[Result "0-1"]
[ECO "B51"]
[WhiteElo "2084"]
[BlackElo "1997"]
[Annotator "NA"]
[PlyCount "78"]
[EventDate "2018.07.05"]
[EventType "tourn"]
[EventCountry "GER"]
[SourceTitle "playchess.com"]
[Source "ChessBase"]
[SourceQuality "1"]
[TimeControl "40/5400+30:1800+30"]

1. e4 c5 2. Nf3 d6 3. Bb5+ Nd7 4. O-O a6 5. Bxd7+ Bxd7 6. d4 cxd4 7. Qxd4 Nf6 8. Bg5 h6 9. Bxf6 gxf6 10. Nc3 Rc8 11. a4 Rg8 12. Qd3 e6 13. a5 Qc7 14. Rfe1 h5 15. Nd4 Bh6 16. Ra3 Qc4 17. Nd5 exd5 18. exd5+ Kf8 19. Qh7 Bg7 20. Rg3 Re8 21. Rxe8+ Bxe8 22. Nf5 Qxc2 23. h3 Qc1+ 24. Kh2 Qf4 25. Nxg7 h4 26. Ne6+ fxe6 27. Qxg8+ Ke7 28. Qg7+ Kd8 29. Qxb7 hxg3+ 30. fxg3 Qe4 31. Qb6+ Ke7 32. Qa7+ Bd7 33. dxe6 Kxe6 34. Qxa6 Bc6 35. Qf1 d5 36. a6 d4 37. Qc4+ Bd5 38. Qc8+ Kf7 39. Qd7+ Kg6 0-1

[Event "Schachfestival IM 2018"]
[Site "Lueneburg"]
[Date "2018.07.12"]
[Round "8"]
[White "Lubbe, Melanie"]
[Black "Wenzel, Birger"]
[Result "1-0"]
[ECO "B43"]
[WhiteElo "2332"]
[BlackElo "2084"]
[Annotator "ChessBase"]
[PlyCount "57"]
[EventDate "2018.07.05"]
[EventType "tourn"]
[EventCountry "GER"]
[SourceTitle "playchess.com"]
[Source "ChessBase"]
[SourceQuality "1"]
[TimeControl "40/5400+30:1800+30"]

1. e4 c5 2. Nf3 e6 3. d4 cxd4 4. Nxd4 a6 5. Nc3 b5 6. Bd3 d6 7. O-O Nf6 8. Qe2 Be7 9. f4 O-O 10. Kh1 Bb7 11. a3 Nbd7 12. Bd2 Qc7 13. Rae1 Rfe8 14. e5 Nd5 15. f5 Nxe5 16. fxe6 Bf6 17. Bxh7+ Kf8 18. Nxd5 Bxd5 19. Be4 Bc4 20. Qh5 Bxf1 21. Bxa8 g6 22. Qh3 Qc4 23. Qh6+ Bg7 24. Qf4 f5 25. b3 Qc5 26. Bb4 Qb6 27. Bd5 a5 28. Rxe5 Re7 29. Bxd6 1-0

[Event "Schachfestival IM 2018"]
[Site "Lueneburg"]
[Date "2018.07.12"]
[Round "8"]
[White "Kuberczyk, Christoph"]
[Black "Sriram, Jha"]
[Result "0-1"]
[ECO "D45"]
[WhiteElo "2225"]
[BlackElo "2409"]
[Annotator "ChessBase"]
[PlyCount "74"]
[EventDate "2018.07.05"]
[EventType "tourn"]
[EventCountry "GER"]
[SourceTitle "playchess.com"]
[Source "ChessBase"]
[SourceQuality "1"]
[TimeControl "40/5400+30:1800+30"]

1. d4 d5 2. c4 c6 3. Nc3 Nf6 4. e3 a6 5. Nf3 e6 6. b3 Bb4 7. Bd2 Nbd7 8. Bd3 O-O 9. O-O Qe7 10. Bc2 Re8 11. Re1 e5 12. cxd5 cxd5 13. e4 Bxc3 14. Bxc3 Nxe4 15. Bxe4 dxe4 16. Nxe5 Nxe5 17. dxe5 Bf5 18. Qh5 Bg6 19. Qe2 Red8 20. Rad1 Rd3 21. Rxd3 exd3 22. Qd2 Rc8 23. h3 h5 24. Rc1 Qe6 25. Qf4 Qd5 26. Bd2 Re8 27. Re1 Qc5 28. Qg5 Kh7 29. Qe3 Qxe3 30. Rxe3 Rc8 31. Re1 Rc2 32. Rd1 Rxa2 33. f4 h4 34. Be1 Be4 35. Bd2 Bd5 36. b4 Bb3 37. Rb1 Ba4 0-1

[Event "Schachfestival IM 2018"]
[Site "Lueneburg"]
[Date "2018.07.12"]
[Round "8"]
[White "Pubantz, Jan"]
[Black "Polster, Christian"]
[Result "0-1"]
[ECO "E10"]
[WhiteElo "1997"]
[BlackElo "2286"]
[Annotator "NA"]
[PlyCount "64"]
[EventDate "2018.07.05"]
[EventType "tourn"]
[EventCountry "GER"]
[SourceTitle "playchess.com"]
[Source "ChessBase"]
[SourceQuality "1"]
[TimeControl "40/5400+30:1800+30"]

1. d4 Nf6 2. c4 e6 3. Nf3 c5 4. Nc3 cxd4 5. Nxd4 d5 6. Bg5 e5 7. Nf3 d4 8. Nd5 Nc6 9. e4 Be7 10. Bxf6 Bxf6 11. Be2 O-O 12. O-O g6 13. b4 Bg7 14. c5 Be6 15. Qb3 f5 16. Bc4 Bf7 17. Nd2 Bh6 18. Rad1 Bxd2 19. Rxd2 fxe4 20. Re2 b5 21. cxb6 axb6 22. a4 Ra7 23. Rc1 Rd7 24. Nf4 exf4 25. Bxf7+ Rfxf7 26. Rxc6 d3 27. Rxe4 d2 28. Qd1 Rfe7 29. f3 Rxe4 30. fxe4 Qh4 31. Rc8+ Kg7 32. Qa1+ Kh6 0-1

[Event "Schachfestival IM 2018"]
[Site "Lueneburg"]
[Date "2018.07.13"]
[Round "9"]
[White "Sriram, Jha"]
[Black "Light, Bjarne"]
[Result "1/2-1/2"]
[ECO "E58"]
[WhiteElo "2409"]
[BlackElo "2177"]
[Annotator "NA"]
[PlyCount "39"]
[EventDate "2018.07.05"]
[EventType "tourn"]
[EventCountry "GER"]
[SourceTitle "playchess.com"]
[Source "ChessBase"]
[SourceQuality "1"]
[TimeControl "40/5400+30:1800+30"]

1. d4 Nf6 2. c4 e6 3. Nc3 Bb4 4. e3 O-O 5. Bd3 d5 6. Nf3 c5 7. O-O Nc6 8. a3 Bxc3 9. bxc3 dxc4 10. Bxc4 Qc7 11. Ba2 b6 12. Bb2 Bb7 13. Qe2 Na5 14. Rfd1 Rac8 15. c4 Ne4 16. Rac1 f6 17. Qd3 Rce8 18. d5 Nd6 19. Bb1 g6 20. Nd2 1/2-1/2

[Event "Schachfestival IM 2018"]
[Site "Lueneburg"]
[Date "2018.07.13"]
[Round "9"]
[White "Fuchs, Judith"]
[Black "Pubantz, Jan"]
[Result "1-0"]
[WhiteElo "2289"]
[BlackElo "1997"]
[Annotator "NA"]
[PlyCount "41"]
[EventDate "2018.07.05"]
[EventType "tourn"]
[EventCountry "GER"]
[SourceTitle "playchess.com"]
[Source "ChessBase"]
[SourceQuality "1"]
[TimeControl "40/5400+30:1800+30"]

1. e4 c5 2. Ne2 d6 3. g3 Nf6 4. Bg2 g6 5. c3 Bg7 6. O-O O-O 7. d4 cxd4 8. cxd4 Nc6 9. Nbc3 Qa5 10. h3 e5 11. d5 Ne7 12. Be3 b5 13. a3 b4 14. axb4 Qxb4 15. Ra4 Qb7 16. Qa1 a6 17. Qa3 Bd7 18. Rb4 Bb5 19. Qb3 Rfb8 20. Ra1 Nd7 21. Ra5 1-0

[Event "Schachfestival IM 2018"]
[Site "Lueneburg"]
[Date "2018.07.13"]
[Round "9"]
[White "Polster, Christian"]
[Black "Lubbe, Melanie"]
[Result "1/2-1/2"]
[ECO "B20"]
[WhiteElo "2286"]
[BlackElo "2332"]
[Annotator "NA"]
[PlyCount "39"]
[EventDate "2018.07.05"]
[EventType "tourn"]
[EventCountry "GER"]
[SourceTitle "playchess.com"]
[Source "ChessBase"]
[SourceQuality "1"]
[TimeControl "40/5400+30:1800+30"]

1. e4 c5 2. Nf3 e6 3. d4 cxd4 4. Nxd4 Nf6 5. Bd3 Nc6 6. Nxc6 bxc6 7. Qe2 d5 8. Nd2 Be7 9. c4 O-O 10. O-O a5 11. Rd1 Ba6 12. b3 Qb6 13. Bb2 Rfd8 14. cxd5 Bxd3 15. Qxd3 cxd5 16. exd5 Rxd5 17. Nc4 Qb7 18. Qf3 a4 19. Rxd5 exd5 20. Ne3 1/2-1/2

[Event "Schachfestival IM 2018"]
[Site "Lueneburg"]
[Date "2018.07.13"]
[Round "9"]
[White "Wenzel, Birger"]
[Black "Kuberczyk, Christoph"]
[Result "0-1"]
[WhiteElo "2084"]
[BlackElo "2225"]
[Annotator "NA"]
[PlyCount "34"]
[EventDate "2018.07.05"]
[EventType "tourn"]
[EventCountry "GER"]
[SourceTitle "playchess.com"]
[Source "ChessBase"]
[SourceQuality "1"]
[TimeControl "40/5400+30:1800+30"]

1. e4 e6 2. d3 d5 3. Nd2 c5 4. Ngf3 Nc6 5. g3 Nf6 6. Bg2 Be7 7. O-O O-O 8. Re1 b5 9. c3 b4 10. e5 bxc3 11. bxc3 Nd7 12. h4 Qa5 13. Qc2 Ba6 14. Nf1 Qb5 15. d4 cxd4 16. cxd4 Rfc8 17. Rb1 Nb4 0-1